 Dungeon Crawl Stone Soup version 0.27-a0-1200-g94dc6ad4cf (webtiles) character file.

Game seed: 13226923321322069579

143 flotson the Covert (level 5, 0/46 (47) HPs)
             Began as a Gnoll Delver on May 30, 2021.
             Slain by Crazy Yiuf
             ... wielding a +4 quarterstaff of chaos
              (1 damage)
             ... on level 3 of the Dungeon.
             The game lasted 00:02:53 (1509 turns).

flotson the Covert (Gnoll Delver)                   Turns: 1509, Time: 00:02:54

HP:   0/46 (47)     AC:  6    Str: 12    XL:     5   Next: 25%
MP:   7/7           EV: 10    Int:  9    God:
Gold: 126           SH:  0    Dex: 14    Spells: 6/6 levels left

rFire    . . .     SeeInvis .   a - +1 trident (protect)
rCold    . . .     Faith    .   (no shield)
rNeg     . . .     Spirit   .   i - +0 scale mail
rPois    .         Reflect  .   (no helmet)
rElec    .         Harm     .   (no cloak)
rCorr    .         Rampage  .   (no gloves)
Will     .....                  (no boots)
Stlth    ..........             (no amulet)
HPRegen  0.15/turn              (no ring)
MPRegen  0.10/turn              (no ring)

@: confused, mighty, lightly drained
A: fangs 1, strong nose, distributed training
a: no special abilities


You were on level 3 of the Dungeon.
You visited 1 branch of the dungeon, and saw 3 of its levels.

You collected 126 gold pieces.

Inventory:

Hand Weapons
 a - a +1 trident of protection (weapon)
 b - a +0 hunting sling
 j - a +0 spear
Missiles
 h - 12 boomerangs (quivered)
 k - 15 stones
Armour
 i - a +0 scale mail (worn)
Wands
 g - a wand of digging (3)
Scrolls
 c - a scroll of fog
 d - 2 scrolls of magic mapping
 e - a scroll of fear
 f - a scroll of identify {unknown}
Potions
 l - a potion of haste


   Skills:
 + Level 6.7 Fighting
 + Level 1.4 Short Blades
 + Level 1.4 Long Blades
 + Level 1.4 Axes
 + Level 1.4 Maces & Flails
 + Level 4.7 Polearms
 + Level 1.4 Staves
 + Level 1.4 Slings
 + Level 1.4 Bows
 + Level 1.4 Crossbows
 + Level 1.4 Throwing
 + Level 1.4 Armour
 + Level 4.7 Dodging
 + Level 9.6 Stealth
 + Level 1.4 Shields
 + Level 1.4 Unarmed Combat
 + Level 1.4 Spellcasting
 + Level 1.1 Conjurations
 + Level 1.1 Hexes
 + Level 1.1 Summonings
 + Level 1.1 Necromancy
 + Level 1.1 Translocations
 + Level 1.1 Transmutations
 + Level 1.1 Fire Magic
 + Level 1.1 Ice Magic
 + Level 1.1 Air Magic
 + Level 1.1 Earth Magic
 + Level 1.1 Poison Magic
 + Level 1.6 Invocations
 + Level 1.4 Evocations


You had 6 spell levels left.
You didn't know any spells.
Your spell library was empty.

Dungeon Overview and Level Annotations

Branches:
Dungeon (5/15)
 Temple: D:4-7

Altars:

Annotations:
D:3 Crazy Yiuf


Innate Abilities, Weirdness & Mutations

You have very sharp teeth.
Your uncanny sense of smell can sniff out nearby items.
Your experience applies equally to all skills.


Message History

You hit Crazy Yiuf.
Crazy Yiuf is severely wounded.
Crazy Yiuf hits you with a +4 quarterstaff of chaos.
You feel drained.
You hit Crazy Yiuf.
Crazy Yiuf is severely wounded.
Crazy Yiuf barely misses you.
You hit Crazy Yiuf.
Crazy Yiuf is severely wounded.
Crazy Yiuf misses you.
You hit Crazy Yiuf but do no damage.
Crazy Yiuf is severely wounded.
Crazy Yiuf barely misses you.
Crazy Yiuf hits you with a +4 quarterstaff of chaos.
You feel very mighty all of a sudden.
You closely miss Crazy Yiuf. You bite Crazy Yiuf, but do no damage.
Crazy Yiuf is severely wounded.
Crazy Yiuf hits you with a +4 quarterstaff of chaos!
You are confused.
You are too confused!
You are too confused!
You are too confused!
You are too confused!
You are too confused!
You are too confused!
You bump into the stone wall.
Crazy Yiuf hits you with a +4 quarterstaff of chaos.
Crazy Yiuf burns you.
You bump into the stone wall.
Crazy Yiuf hits you with a +4 quarterstaff of chaos.
You miss Crazy Yiuf.
Crazy Yiuf is severely wounded.
Crazy Yiuf hits you with a +4 quarterstaff of chaos!
You are electrocuted!
* * * LOW HITPOINT WARNING * * *
You bump into the tree.
Crazy Yiuf hits you with a +4 quarterstaff of chaos.
* * * LOW HITPOINT WARNING * * *
Crazy Yiuf freezes you.
You die...

#<# ∆ #.# ... #.##
#..#### . ..
♣♣♣♣♣##...... # #
... ####
♣♣♣.♣.♣#...#### # .
#.#
#...#♣..♣..........#
# .##.#
#..g@.♣♣♣♣.P....##.#
# ...# #)..#♣♣
♣♣.#..#...# # #..#
#### ♣♣##.....# #
#..# ###...#
#####..# #.....#
.......###### #####
#####.##
#####.<.....###...#
#.# #.#
######...#....#
#.###.# #.#......#
#.....#


You could see Crazy Yiuf.

Vanquished Creatures
  A hound (D:5)
  A bullfrog skeleton (D:5)
  An iguana (D:4)
  A hound skeleton (D:4)
  A howler monkey skeleton (D:5)
  An adder (D:5)
  An ufetubus (D:5)
  6 orcs
  A bat (D:3)
  A goblin (D:4)
  A hobgoblin (D:4)
  2 jackals (D:5)
  2 ball pythons (D:5)
20 creatures vanquished.

Vanquished Creatures (others)
  4 fungi (D:3)
4 creatures vanquished.

Grand Total: 24 creatures vanquished

Notes
Turn   | Place    | Note
-------+----------+-------------------------------------------
     0 | D:5      | Reached skill level 9 in Stealth
     0 | D:5      | flotson the Gnoll Delver began the quest for the Orb.
     0 | D:5      | Reached XP level 1. HP: 23/23 MP: 1/1
    97 | D:5      | Reached XP level 2. HP: 23/29 MP: 2/2
   193 | D:5      | Reached skill level 1 in Invocations
   193 | D:5      | Reached XP level 3. HP: 35/35 MP: 2/4
   243 | D:5      | Reached skill level 1 in Short Blades
   243 | D:5      | Reached skill level 1 in Long Blades
   243 | D:5      | Reached skill level 1 in Axes
   243 | D:5      | Reached skill level 1 in Maces & Flails
   243 | D:5      | Reached skill level 1 in Staves
   243 | D:5      | Reached skill level 1 in Slings
   243 | D:5      | Reached skill level 1 in Bows
   243 | D:5      | Reached skill level 1 in Crossbows
   243 | D:5      | Reached skill level 1 in Throwing
   243 | D:5      | Reached skill level 1 in Armour
   243 | D:5      | Reached skill level 1 in Shields
   243 | D:5      | Reached skill level 1 in Unarmed Combat
   243 | D:5      | Reached skill level 1 in Spellcasting
   243 | D:5      | Reached skill level 1 in Evocations
   429 | D:5      | Reached XP level 4. HP: 34/41 MP: 5/5
   698 | D:5      | Reached skill level 1 in Conjurations
   698 | D:5      | Reached skill level 1 in Hexes
   698 | D:5      | Reached skill level 1 in Summonings
   698 | D:5      | Reached skill level 1 in Necromancy
   698 | D:5      | Reached skill level 1 in Translocations
   698 | D:5      | Reached skill level 1 in Transmutations
   698 | D:5      | Reached skill level 1 in Fire Magic
   698 | D:5      | Reached skill level 1 in Ice Magic
   698 | D:5      | Reached skill level 1 in Air Magic
   698 | D:5      | Reached skill level 1 in Earth Magic
   698 | D:5      | Reached skill level 1 in Poison Magic
  1144 | D:4      | Reached XP level 5. HP: 38/47 MP: 5/7
  1253 | D:3      | Noticed a necrophage
  1285 | D:3      | Noticed a necrophage
  1492 | D:3      | Found a runed translucent door.
  1493 | D:3      | Noticed Crazy Yiuf
  1509 | D:3      | HP: 1/46 [Crazy Yiuf/+4 quarterstaff of chaos (3)]
  1509 | D:3      | Slain by Crazy Yiuf

Illustrated notes

Levels and vault maps discovered:
D:3:      minmay_spotlight, layout_loops_corners, grunt_temple_overflow_open,
          hex_large, mrwooster_statue_mirror, minmay_bisected, uniq_sigmund,
          uniq_crazy_yiuf_cottage
D:4:      layout_cave_pools
D:5:      layout_basic

Skill      XL: |  1  2  3  4 |
---------------+-------------+-----
Stealth        | |  9.6
Invocations    | 1 |  1.6
Short Blades   | 1 |  1.4
Long Blades    | 1 |  1.4
Axes           | 1 |  1.4
Maces & Flails | 1 |  1.4
Staves         | 1 |  1.4
Slings         | 1 |  1.4
Bows           | 1 |  1.4
Crossbows      | 1 |  1.4
Throwing       | 1 |  1.4
Armour         | 1 |  1.4
Shields        | 1 |  1.4
Unarmed Combat | 1 |  1.4
Spellcasting   | 1 |  1.4
Evocations     | 1 |  1.4
Conjurations   | 1 |  1.1
Hexes          | 1 |  1.1
Summonings     | 1 |  1.1
Necromancy     | 1 |  1.1
Translocations | 1 |  1.1
Transmutations | 1 |  1.1
Fire Magic     | 1 |  1.1
Ice Magic      | 1 |  1.1
Air Magic      | 1 |  1.1
Earth Magic    | 1 |  1.1
Poison Magic   | 1 |  1.1
Fighting       | |  6.7
Polearms       | |  4.7
Dodging        | |  4.7

Action                   |  1- 3 |  4- 6 || total
-------------------------+-------+-------++-------
Melee: Spear             |    48 |    30 ||    78
       Bite              |     5 |     7 ||    12
       Trident           |       |    33 ||    33
 Fire: Hunting sling     |       |    23 ||    23
Throw: Boomerang         |       |     3 ||     3
  Use: Potion            |     1 |       ||     1
 Stab: Distracted        |     1 |       ||     1
Armor: Leather armour    |    14 |     1 ||    15
       Scale mail        |       |    22 ||    22
Dodge: Dodged            |    24 |    26 ||    50

Table legend: (Time is in decaauts)
 A = Elapsed time spent in this place.
 B = Non-inter-level travel time spent in this place.
 C = Inter-level travel time spent in this place.
 D = Time resting spent in this place.
 E = Time spent auto-exploring this place.
 F = Levels seen in this place.
 G = Mean time per level.
                   A        B        C        D        E       F      G
               +--------+--------+--------+--------+--------+-----+--------+
         Total |   1489 |   1442 |     47 |    582 |    511 |   3 |  496.3 |
       Dungeon |   1489 |   1442 |     47 |    582 |    511 |   3 |  496.3 |
               +--------+--------+--------+--------+--------+-----+--------+

Top non-repeatable levels by time:
     D:5: 1004 daAuts
     D:4: 311 daAuts
     D:3: 174 daAuts
